 Dungeon Crawl Stone Soup version 0.18-a0-1027-g814d7dd (webtiles) character file.

125 glosham the Skirmisher (level 4, -3/40 HPs)
             Began as a Demigod Summoner on Jan 8, 2016.
             Slain by a gnoll
             ... wielding a +0 whip
              (9 damage)
             ... on level 3 of the Dungeon.
             The game lasted 00:23:54 (2762 turns).

glosham the Skirmisher (Demigod Summoner)           Turns: 2762, Time: 00:23:54

Health: -3/40      AC:  4    Str: 11    XL:     4   Next: 53%
Magic:  9/9        EV: 12    Int: 21    God:
Gold:   114        SH:  0    Dex: 16    Spells: 2 memorised, 1 level left

rFire  . . .     SeeInvis .     b - -1 spear (curse)
rCold  . . .     Gourm    .     e - +0 robe
rNeg   . . .     Faith    .     (no shield)
rPois  .         Spirit   .     (no helmet)
rElec  .         Dismiss  .     (no cloak)
rCorr  .         Reflect  .     V - +1 pair of gloves
SustAt +         Harm     .     (no boots)
MR     .....                    (no amulet)
Stlth  ++........               (no ring)
                                (no ring)

@: not resistant to hostile enchantments, unstealthy
A: high mp 1, sustain attributes
a: no special abilities


You were on level 3 of the Dungeon.
You were hungry.

You visited 1 branch of the dungeon, and saw 3 of its levels.

You collected 114 gold pieces.

Inventory:

Hand Weapons
 a - a +0 short sword
 b - a cursed -1 spear (weapon)
 h - a +0 hunting sling
Missiles
 d - 53 arrows
 j - 41 stones
 n - 12 arrows of frost
 o - 5 tomahawks (quivered)
 s - 18 arrows of dispersal
Armour
 e - a +0 robe (worn)
 m - a +0 scale mail
 V - a +1 pair of gloves (worn)
Scrolls
 i - a scroll of teleportation
 v - a scroll of fear {unknown}
Potions
 k - 2 potions of agility
 l - a potion of brilliance {unknown}
 p - a potion of flight
 r - a potion of curing
Books
 q - a book of Callings

   Spells                             Type                      Level
   a - Summon Small Mammal            Summoning                    1
   b - Call Imp                       Summoning                    2
   c - Call Canine Familiar           Summoning                    3
   d - Summon Guardian Golem          Hexes/Summoning              3
   e - Summon Lightning Spire         Summoning/Air                4
   f - Summon Ice Beast               Ice/Summoning                4
Comestibles
 c - 2 bread rations
 f - 8 fruits
 g - 2 meat rations
 u - a slice of pizza
 x - a beef jerky


   Skills:
 * Level 4.1 Fighting
 - Level 1.7 Dodging
 - Level 1.7 Stealth
 - Level 1.7 Spellcasting
 - Level 3.6 Summonings


You had one spell level left.
You knew the following spells:

 Your Spells              Type           Power        Failure   Level  Hunger
c - Call Canine Familiar  Summ           ###.....     12%         3    ###....
i - Call Imp              Summ           ###.....     6%          2    ###....


Dungeon Overview and Level Annotations

Branches:
Dungeon (3/15)


Innate Abilities, Weirdness & Mutations

You have an increased reservoir of magic (+10% MP).
Your attributes are resistant to harm.


Message History

The gnoll is moderately wounded.
The gnoll hits you with a club!
You closely miss the gnoll.
The gnoll is moderately wounded.
The gnoll hits you but does no damage.
You hit the gnoll.
The gnoll is heavily wounded.
The gnoll closely misses you.
You hit the gnoll.
The gnoll is severely wounded.
The gnoll hits you with a club.
You are too injured to fight recklessly!
You are too injured to fight recklessly!
You are too injured to fight recklessly!
You hit the gnoll but do no damage.
The gnoll is heavily wounded.
The gnoll hits you with a club.
You hit the gnoll.
The gnoll is almost dead.
The gnoll hits you with a club!
* * * LOW HITPOINT WARNING * * *
You hit the gnoll.
You kill the gnoll!
You hit the gnoll.
The gnoll is moderately wounded.
The gnoll barely misses you.
You closely miss the gnoll.
The gnoll is moderately wounded.
The gnoll closely misses you.
You hit the gnoll.
The gnoll is heavily wounded.
The gnoll hits you with a whip.
* * * LOW HITPOINT WARNING * * *
You closely miss the gnoll.
The gnoll is heavily wounded.
The gnoll closely misses you.
You barely miss the gnoll.
The gnoll is heavily wounded.
The gnoll hits you but does no damage. The gnoll hits you with a whip!
You die...

#........#.#.#.#.#
#........#.#.#.#.#
#........#'#'#'#.#
#................########
##....##.................
###'####........#########
......)..........#
##...###g#####...# #.
#@################
#.................
##################


You could see a gnoll.

Vanquished Creatures
  2 adders (D:2)
  A gnoll (D:3)
  An ooze (D:2)
  A giant gecko (D:2)
  A ball python (D:1)
  6 giant cockroaches (D:2)
  4 goblins
  4 hobgoblins
  4 jackals
  5 kobolds (D:1)
  7 bats
  4 giant newts (D:1)
  4 rats
44 creatures vanquished.

Vanquished Creatures (collateral kills)
  The ghost of Rayvis the Skirmisher, an amateur MiFi (D:3)
  A gnoll (D:3)
  A kobold (D:1)
  A bat (D:1)
4 creatures vanquished.

Grand Total: 48 creatures vanquished

Notes
Turn   | Place    | Note
--------------------------------------------------------------
     0 | D:1      | glosham the Demigod Summoner began the quest for the Orb.
     0 | D:1      | Reached XP level 1. HP: 14/14 MP: 5/5
    30 | D:1      | Reached skill level 1 in Fighting
   451 | D:1      | Reached XP level 2. HP: 23/23 MP: 7/7
   455 | D:1      | Learned a level 2 spell: Call Imp
   724 | D:1      | Reached skill level 2 in Fighting
  1063 | D:2      | Reached XP level 3. HP: 30/30 MP: 8/8
  1369 | D:2      | Reached skill level 3 in Fighting
  1660 | D:2      | Found a sparkling altar of Nemelex Xobeh.
  1855 | D:1      | Learned a level 3 spell: Call Canine Familiar
  1958 | D:2      | Found a radiant altar of Vehumet.
  1958 | D:2      | Found a burning altar of Makhleb.
  1985 | D:3      | Noticed Rayvis's ghost (amateur MiFi)
  2336 | D:3      | Killed Rayvis's ghost
  2336 | D:3      | Reached XP level 4. HP: 37/40 MP: 1/9
  2739 | D:3      | Reached skill level 4 in Fighting
  2762 | D:3      | Slain by a gnoll

Vault maps used:
D:1:      matt_arrival_grand_opening
D:2:      gammafunk_temple_overflow_elements, nemelex_xobeh_ov_fountains_minmay

Action                   |  1- 3 |  4- 6 || total
-------------------------+-------+-------++-------
Melee: Unarmed           |    27 |       ||    27
       Short sword       |   125 |       ||   125
       Spear             |     2 |    30 ||    32
Throw: Tomahawk          |     5 |       ||     5
 Cast: Summon Small Mamm |     2 |       ||     2
       Call Imp          |    10 |     1 ||    11
  Use: Scroll            |     9 |     1 ||    10
 Stab: Sleeping          |     4 |       ||     4
       Distracted        |     1 |       ||     1
  Eat: Chunk             |     5 |     1 ||     6

Table legend:
 A = Turns spent in this place as a percentage of turns spent in the entire game.
 B = Non-inter-level travel turns spent in this place as a percentage of non-inter-level travel turns spent in the entire game.
 C = Inter-level travel turns spent in this place as a percentage of turns spent in this place.
 D = Turns resting spent in this place as a percentage of non-inter-level travel turns spent in this place.
 E = Turns spent auto-exploring this place as a percentage of non-inter-level travel turns spent in this place.
 F = Non-inter-level travel turns spent in this place divided by the number of levels of this place that you've seen.
                   A       B       C       D       E      F
               +-------+-------+-------+-------+-------+----------------------
         Total | 100.0 | 100.0 |   0.6 |   3.3 |   0.4 | 408.0
       Dungeon | 100.0 | 100.0 |   0.6 |   3.3 |   0.4 | 408.0
               +-------+-------+-------+-------+-------+----------------------

Table legend:
 A = Kills in this place as a percentage of kills in entire the game.
 B = Kills by you in this place as a percentage of kills by you in the entire game.
 C = Kills by friends in this place as a percentage of kills by friends in the entire game.
 D = Other kills in this place as a percentage of other kills in the entire game.
 E = Experience gained in this place as a percentage of experience gained in the entire game.
 F = Experience gained in this place divided by the number of levels of this place that you have seen.
                   A       B       C       D       E      F
               +-------+-------+-------+-------+-------+----------------------
         Total | 100.0 | 100.0 | 100.0 |  -nan | 100.0 |  59.7
       Dungeon | 100.0 | 100.0 | 100.0 |  -nan | 100.0 |  59.7
               +-------+-------+-------+-------+-------+----------------------

Vault maps used:
D:1:      matt_arrival_grand_opening
D:2:      gammafunk_temple_overflow_elements, nemelex_xobeh_ov_fountains_minmay
